 Dungeon Crawl Stone Soup version 0.32-a0-643-ga006e7742e (console) character file.

Game seed: 5424930809565117992

48 zenocrate the Digger (level 3, -3/23 HPs)
             Began as an Octopode Earth Elementalist on Mar 7, 2024.
             Slain by Robin
             ... wielding a +0 mace
              (7 damage)
             ... on level 2 of the Dungeon.
             The game lasted 00:02:27 (805 turns).

zenocrate the Digger (Octopode Earth Elementalist)   Turns: 805, Time: 00:02:28

Health: -3/23      AC:  1    Str:  7    XL:     3   Next: 72%
Magic:  3/6        EV: 13    Int: 19    God:
Gold:   52         SH:  0    Dex: 12    Spells: 2/6 levels left

rFire   + . .        a - +0 rapier
rCold   . . .        (no shield)
rNeg    . . .        (helmet restricted)
rPois   .            (no amulet)
rElec   .            b - ring of protection from fire
rCorr   .            (no ring)
SInv    .            (no ring)
Will    .....        (no ring)
Stlth   +++          (no ring)
HPRegen 0.23/turn    (no ring)
MPRegen 0.10/turn    (no ring)
                     (no ring)

%: no passive effects
@: no status effects
A: almost no armour, amphibious, 8 rings, camouflage 1, gelatinous body 1,
(nimble swimmer 1), tentacles
a: no special abilities


You were on level 2 of the Dungeon.
You visited 1 branch of the dungeon, and saw 2 of its levels.

You collected 52 gold pieces.

Inventory:

Hand Weapons
 a - a +0 rapier (weapon)
Jewellery
 b - a ring of protection from fire (left tentacle)
Talismans
 e - a serpent talisman
Scrolls
 f - a scroll of acquirement {unknown}
 g - 2 scrolls of identify {unknown}
Potions
 c - a potion of mutation {unknown}
 d - a potion of lignification {unknown}
 h - a potion of berserk rage {unknown}


   Skills:
 + Level 1.2 Fighting
 * Level 2.5 Dodging
 - Level 2.6 Stealth
 + Level 2.3 Spellcasting
 + Level 1.6 Conjurations
 + Level 3.3 Earth Magic
 + Level 0.0 Shapeshifting


You had 2 spell levels left.
You knew the following spells:

 Your Spells              Type           Power      Damage    Failure   Level
a - Sandblast             Erth           28%        2d8       4%          1
b - Stone Arrow           Conj/Erth      22%        3d8       17%         3

Your spell library contained the following spells:

 Spells                   Type           Power      Damage    Failure   Level
 Passwall                 Erth           14%        N/A       12%         3
 Brom's Barrelling Bould  Conj/Erth      11%        2d3       50%         4
 Petrify                  Alch/Erth      8%         N/A       63%         4


Dungeon Overview and Level Annotations

Branches:
Dungeon (2/15)

Altars:

Shops:
D:1 [

Annotations:
D:2 Robin


Innate Abilities, Weirdness & Mutations

You cannot wear most types of armour.
You are amphibious.
You can wear up to eight rings at the same time.
Your skin changes colour to match your surroundings (Stealth+).
Your rubbery body absorbs attacks. (AC +1, EV +1)
((You are camouflaged when in or above water. (Stealth+)))
You have tentacles for arms and can constrict up to eight enemies at once.


Message History

Confirm with . or Enter, or press ? or * to list all spells.
Aiming: Sandblast (safe; 4% risk of failure)
Press: ? - help, Shift-Dir - straight line, f - Robin
Aim: Robin, wielding a +0 mace, wearing a +0 animal skin and wearing a +0 helmet (87% to hit)
The blast of sand hits Robin.
Robin is moderately wounded.
The goblin closely misses you.
Robin roars a battlecry!
The goblins go into a battle-frenzy!
The goblin closely misses you. Robin hits you with a +0 mace.
Unknown command.
You barely miss Robin. You grab Robin.
Robin is moderately wounded.
You constrict Robin. The goblin hits you with a +0 dagger.
Robin struggles to escape constriction.
Unknown command.
Magic courses through your body.
You constrict Robin. The goblin barely misses you.
Robin escapes!
Unknown command.
Casting: Sandblast (safe; 4% risk of failure)
Confirm with . or Enter, or press ? or * to list all spells.
Aiming: Sandblast (safe; 4% risk of failure)
Press: ? - help, Shift-Dir - straight line, f/p - Robin
Aim: Robin, wielding a +0 mace, wearing a +0 animal skin and wearing a +0 helmet (heavily wounded, 87% to hit)
Okay, then.
Casting: Sandblast (safe; 4% risk of failure)
Confirm with . or Enter, or press ? or * to list all spells.
The spell is extremely dangerous to miscast (17% risk of failure)!
Continue anyway?
Okay, then.
Casting: Stone Arrow (extremely dangerous; 17% risk of failure)
Confirm with . or Enter, or press ? or * to list all spells.
The spell is extremely dangerous to miscast (17% risk of failure)!
Continue anyway?
Aiming: Stone Arrow (extremely dangerous; 17% risk of failure)
Press: ? - help, Shift-Dir - straight line, f/p - Robin
Aim: Robin, wielding a +0 mace, wearing a +0 animal skin and wearing a +0 helmet (heavily wounded, 77% to hit)
The stone arrow hits Robin.
Robin is severely wounded.
The goblin hits you with a +0 dagger.
* * * LOW HITPOINT WARNING * * *
Robin hits you with a +0 mace!
You die...
Robin calls out, "Let's celebrate!
Time for a feast!"

###.########)#
....# #.# #####
#.#### #....#
#....# #....#####
#.........
#....#####
###.#####........#
............)gg##.#
.....########.#@#
...............#g#
#.....####.....#g#
#..............)S#
.....# ###...).###
.....#
#####g..g...#
.....# #..g....#
†....# #g.g....#
.....# #g.g..g$#
..#### #.g......
..##### #g.g.S..#


You could see Robin, a hobgoblin (strong), 2 goblins and a ball python.

Vanquished Creatures
  A gnoll (D:1)
  A ribbon worm (D:2)
  2 bats (D:1)
  An endoplasm (D:1)
  A giant cockroach (D:1)
  7 goblins
  6 hobgoblins
  A quokka (D:1)
  4 ball pythons
  3 frilled lizards (D:1)
  A kobold (D:1)
  6 rats
34 creatures vanquished.

Vanquished Creatures (others)
  A goblin (D:2)
1 creature vanquished.

Grand Total: 35 creatures vanquished

Notes
Turn   | Place    | Note
-------+----------+-------------------------------------------
     0 | D:1      | zenocrate the Octopode Earth Elementalist began the quest
                  | for the Orb.
     0 | D:1      | Reached XP level 1. HP: 11/11 MP: 3/3
   145 | D:1      | Reached XP level 2. HP: 18/18 MP: 1/5
   224 | D:1      | Noticed an animated shadow dragon scales
   236 | D:1      | Reached XP level 3. HP: 17/22 MP: 2/6
   240 | D:1      | Learned a level 3 spell: Stone Arrow
   270 | D:1      | Found Temmoib's Armour Shop.
   271 | D:1      | Noticed an animated gold dragon scales
   383 | D:1      | Reached skill level 1 in Fighting
   785 | D:2      | Noticed Robin
   805 | D:2      | Slain by Robin

Illustrated notes

Levels and vault maps discovered:
D:1:      roderic_dead_forest, layout_rooms, serial_shops,
          nicolae_shop_mannequins
D:2:      layout_basic, uniq_robin, uniq_crazy_yiuf_cottage

Skill      XL: |  1  2  3 |
---------------+----------+-----
Fighting       | 1 |  1.2
Dodging        | |  2.5
Stealth        | |  2.6
Spellcasting   | |  2.3
Conjurations   | |  1.6
Earth Magic    | |  3.3

Action                     || total
---------------------------++-------
  Melee: Unarmed           ||    14
         Constrict         ||     9
         Tentacles         ||     6
         Rapier            ||     9
   Cast: Sandblast         ||    31
         Stone Arrow       ||     1
    Use: Potion            ||     1
   Stab: Sleeping          ||     1
 Armour: Skin              ||    33
  Dodge: Dodged            ||    22

Table legend: (Time is in decaauts)
 A = Elapsed time spent in this place.
 B = Non-inter-level travel time spent in this place.
 C = Inter-level travel time spent in this place.
 D = Time resting spent in this place.
 E = Time spent auto-exploring this place.
 F = Levels seen in this place.
 G = Mean time per level.
                   A        B        C        D        E       F      G
               +--------+--------+--------+--------+--------+-----+--------+
         Total |    821 |    790 |     31 |      0 |    616 |   2 |  410.5 |
       Dungeon |    821 |    790 |     31 |      0 |    616 |   2 |  410.5 |
               +--------+--------+--------+--------+--------+-----+--------+

Top non-repeatable levels by time:
     D:1: 587 daAuts
     D:2: 234 daAuts
